 Dungeon Crawl Stone Soup version 0.21.1-1-g345015f (webtiles) character file.

615 Gremour the Basher (level 7, -3/41 HPs)
             Began as a Gargoyle Fighter on Apr 3, 2018.
             Killed from afar by Dowan (20 damage)
             ... with a shard of ice
             ... on level 4 of the Dungeon.
             The game lasted 00:20:41 (3914 turns).

Gremour the Basher (Gargoyle Fighter)               Turns: 3914, Time: 00:20:42

Health: -3/41      AC: 15    Str: 19    XL:     7   Next: 45%
Magic:  16/16      EV:  5    Int:  9    God:
Gold:   172        SH:  9    Dex: 11    Spells: 6/6 levels left

rFire    . . .     SeeInvis .   a - +0 mace (crush)
rCold    . . .     Gourm    .   c - +0 shield
rNeg     + . .     Faith    .   d - +0 chain mail {MR+}
rPois    ∞         Spirit   .   (no helmet)
rElec    +         Reflect  .   (no cloak)
rCorr    +         Harm     .   e - +0 pair of gloves
MR       +....                  (no boots)
Stlth    ..........             (no amulet)
HPRegen  0.13/turn              h - ring of resist corrosion
MPRegen  0.15/turn              g - ring of magical power

@: hasted, very quick
A: negative energy resistance 1, electricity resistance, unbreathing,
petrification resistance, rot immunity, AC +4
a: no special abilities


You were on level 4 of the Dungeon.
You were not hungry.

You visited 1 branch of the dungeon, and saw 4 of its levels.

You collected 172 gold pieces.

Inventory:

Hand Weapons
 a - a +0 mace of crushing (weapon)
 v - a +0 morningstar
Missiles
 u - 5 tomahawks (quivered)
Armour
 c - a +0 shield (worn)
 d - a +0 chain mail of magic resistance (worn)
 e - a +0 pair of gloves (worn)
Jewellery
 g - a ring of magical power (right hand)
 h - a ring of resist corrosion (left hand)
 y - an uncursed ring of flight {unknown}
Scrolls
 b - 3 scrolls of remove curse
 i - 7 scrolls of identify
 m - a scroll of blinking {unknown}
 n - a scroll of enchant weapon
 o - 2 scrolls of teleportation {unknown}
 q - a scroll of fog {unknown}
 r - a scroll of magic mapping {unknown}
 s - 2 scrolls of amnesia {unknown}
Potions
 j - 2 potions of curing
 k - a potion of lignification {unknown}
 l - a potion of heal wounds {unknown}
 t - a potion of magic {unknown}
 w - a potion of degeneration {unknown}
 z - a potion of cancellation {unknown}
Comestibles
 f - 8 rations


   Skills:
 - Level 3.2 Fighting
 * Level 8.1 Maces & Flails
 - Level 3.2 Armour
 - Level 3.2 Shields


You had 6 spell levels left.
You didn't know any spells.

Dungeon Overview and Level Annotations

Branches:
Dungeon (4/15)
 Temple: D:4-7

Altars:
Cheibriados
Elyvilon
Hepliaklqana
Kikubaaqudgha
Okawaru
Qazlal

Shops:
D:4 %

Annotations:
D:4 Dowan


Innate Abilities, Weirdness & Mutations

You are resistant to torment.
Your stone body is resilient. (AC +4)
You are immune to poison.
You resist negative energy. (rN+)
You are resistant to electric shocks. (rElec)
You can survive without breathing.
You are immune to petrification.
You are immune to rotting.


Message History

Dowan casts a spell at you. The stone arrow hits you!
* * * LOW HITPOINT WARNING * * *
Dowan mumbles some strange words.
Dowan blinks!
You feel better.
Dowan drinks a potion.
Dowan is healed!
You block Dowan's attack.
You hit Dowan.
Dowan is heavily wounded.
Dowan hits you but does no damage.
You sock Dowan!
Dowan is almost dead.
Dowan hits you but does no damage.
You closely miss Dowan.
Dowan is almost dead.
Dowan gestures wildly while chanting.
Dowan blinks!
Dowan casts a spell at you. The shard of ice hits you!
You die...

#...##.....##
#.....>...#...
#...#.......#
#.........###.
'...'.......#.
#..#..........
#...#.......#.#
#..#.....#####
#...##.....##.# #. >.....#
#...###...###.# .......#
#...# #####
#.#########.#..##
#...###...###.......##...
#...##.....##...@e)........
#...#.......#.......##...##
'...'.......#.####### ..#
#...#.......#.# #.#
#...##.....##.# ####.####
....###...##(.#
#.......##### .####
#####...# #.##.##......
.###### #...# #.##.##.####.
......# ##.## #.##......##.


You could see Dowan.

Vanquished Creatures
  Duvessa (D:4)
  The ghost of HammerPanzer the Slasher, an amateur DsBe of Trog (D:3)
  2 orc priests
  A hound (D:4)
  A bullfrog skeleton (D:4)
  2 iguanas (D:4)
  2 orc wizards (D:4)
  Jessica (D:2)
  Terence (D:2)
  2 worker ants
  An adder (D:3)
  An ooze (D:2)
  3 worms
  3 leopard geckos
  5 orcs
  A ball python (D:1)
  12 giant cockroaches
  7 goblins
  7 hobgoblins
  2 jackals (D:4)
  7 kobolds
  A quokka (D:2)
  5 bats
  3 frilled lizards
  6 rats
78 creatures vanquished.

Notes
Turn   | Place    | Note
-------+----------+-------------------------------------------
     0 | D:1      | Gremour the Gargoyle Fighter began the quest for the Orb.
     0 | D:1      | Reached XP level 1. HP: 14/14 MP: 1/1
   371 | D:1      | Reached XP level 2. HP: 16/19 MP: 2/2
   689 | D:1      | Reached skill level 3 in Maces & Flails
  1020 | D:2      | Noticed Jessica
  1031 | D:2      | Reached XP level 3. HP: 22/23 MP: 3/3
  1061 | D:2      | Killed Jessica
  1061 | D:2      | Reached skill level 4 in Maces & Flails
  1445 | D:2      | Reached XP level 4. HP: 25/28 MP: 4/4
  1505 | D:2      | Found a snail-covered altar of Cheibriados.
  1561 | D:2      | Noticed Terence
  1599 | D:2      | Killed Terence
  2066 | D:2      | Reached skill level 5 in Maces & Flails
  2071 | D:2      | Reached XP level 5. HP: 19/32 MP: 5/5
  2413 | D:3      | Found an ancient bone altar of Kikubaaqudgha.
  2432 | D:3      | Found a white marble altar of Elyvilon.
  2518 | D:3      | Noticed HammerPanzer's ghost (amateur DsBe)
  2540 | D:3      | Killed HammerPanzer's ghost
  2540 | D:3      | Reached skill level 6 in Maces & Flails
  2540 | D:3      | Reached XP level 6. HP: 27/37 MP: 6/6
  2765 | D:3      | Found a faded altar of an unknown god.
  3208 | D:4      | Found a stormy altar of Qazlal.
  3424 | D:4      | Reached skill level 7 in Maces & Flails
  3493 | D:4      | Found Beolay's Food Shoppe.
  3526 | D:4      | Reached XP level 7. HP: 41/41 MP: 7/7
  3554 | D:4      | Found a hazy altar of Hepliaklqana.
  3786 | D:4      | Found an iron altar of Okawaru.
  3870 | D:4      | Noticed Duvessa
  3871 | D:4      | Noticed Dowan
  3891 | D:4      | Killed Duvessa
  3891 | D:4      | Reached skill level 8 in Maces & Flails
  3914 | D:4      | Killed from afar by Dowan

Skill      XL: |  1  2  3  4  5  6  7 |
---------------+----------------------+-----
Maces & Flails | 3 4 5 6 7 8 |  8.1
Fighting       | |  3.2
Armour         | |  3.2
Shields        | |  3.2

Action                   |  1- 3 |  4- 6 |  7- 9 || total
-------------------------+-------+-------+-------++-------
Melee: Whip              |    82 |       |       ||    82
       Flail             |    59 |    97 |       ||   156
       Mace              |       |   130 |    62 ||   192
  Use: Scroll            |     2 |     2 |       ||     4
       Potion            |     1 |     2 |     2 ||     5
  Eat: Chunk             |     1 |     8 |     1 ||    10
Armor: Scale mail        |    69 |    11 |       ||    80
       Chain mail        |       |    94 |    40 ||   134
Dodge: Dodged            |    52 |    55 |     9 ||   116
Block: Shield            |    97 |    93 |    17 ||   207
